 Dungeon Crawl Stone Soup version 0.25-b1-29-g4cfa5c7bda (webtiles) character file.

Game seed: 10005676320040292554, levelgen mode: deterministic

733 Delamore the Basher (level 7, 0/41 HPs)
             Began as a Gargoyle Fighter on June 3, 2020.
             Slain by Prince Ribbit (6 damage)
             ... on level 5 of the Dungeon.
             The game lasted 00:07:07 (4786 turns).

Delamore the Basher (Gargoyle Fighter)              Turns: 4786, Time: 00:07:08

Health: 0/41       AC: 14    Str: 27    XL:     7   Next: 74%
Magic:  16/16      EV:  8    Int:  9    God:
Gold:   248        SH:  9    Dex:  9    Spells: 6/6 levels left

rFire    . . .     SeeInvis .   a - +0 flail
rCold    + . .     Gourm    .   c - +0 kite shield
rNeg     + . .     Faith    .   A - +1 ring mail {rC+}
rPois    ∞         Spirit   .   (no helmet)
rElec    +         Reflect  .   w - +0 cloak
rCorr    .         Harm     .   x - +1 pair of gloves
MR       .....                  (no boots)
Stlth    ..........             h - amulet of the acrobat
HPRegen  0.13/turn              t - ring of magical power
MPRegen  0.15/turn              q - +6 ring of strength

@: no status effects
A: negative energy resistance 1, electricity resistance, unbreathing,
petrification resistance, rot immunity, AC +4
a: no special abilities


You were on level 5 of the Dungeon.
You were not hungry.

You visited 1 branch of the dungeon, and saw 5 of its levels.
You also visited: Sewer.

You collected 248 gold pieces.

Inventory:

Hand Weapons
 a - a +0 flail (weapon)
Missiles
 i - a poisoned dart (quivered)
Armour
 b - a +0 scale mail
 c - a +0 kite shield (worn)
 w - a +0 cloak (worn)
 x - a +1 pair of gloves (worn)
 A - a +1 ring mail of cold resistance (worn)
Jewellery
 h - an amulet of the acrobat (around neck)
 q - a +6 ring of strength (right hand)
 t - a ring of magical power (left hand)
Scrolls
 l - a scroll of blinking {unknown}
 m - 2 scrolls of teleportation
 n - a scroll of immolation
 o - a scroll of noise
 r - 2 scrolls of enchant weapon
 v - 3 scrolls of amnesia
 y - a scroll of remove curse
Potions
 d - a potion of might
 e - 4 potions of flight {unknown}
 g - 4 potions of curing {unknown}
 j - 2 potions of lignification {unknown}
 k - a potion of haste
 p - a potion of resistance {unknown}
 s - 3 potions of brilliance {unknown}
 u - a potion of degeneration {unknown}
 z - 2 potions of mutation {unknown}
 B - a potion of stabbing
 C - 2 potions of heal wounds {unknown}
Comestibles
 f - 7 rations
 D - 6 chunks of flesh


   Skills:
 - Level 3.2 Fighting
 + Level 8.5 Maces & Flails
 - Level 3.2 Armour
 - Level 3.2 Shields


You had 6 spell levels left.
You didn't know any spells.
Your spell library was empty.

Dungeon Overview and Level Annotations

Branches:
Dungeon (5/15)              Sewer (visited)
 Temple: D:4-7

Altars:
Dithmenos
Fedhas
Nemelex Xobeh
Wu Jian
The Shining One

Shops:
D:4 =

Annotations:
D:5 Prince Ribbit


Innate Abilities, Weirdness & Mutations

You are resistant to torment.
Your stone body is resilient. (AC +4)
You are immune to poison.
You resist negative energy. (rN+)
You are resistant to electric shocks. (rElec)
You can survive without breathing.
You are immune to petrification.
You are immune to rotting.


Message History

Prince Ribbit is heavily wounded.
You block Prince Ribbit's attack. Prince Ribbit completely misses you.
You barely miss Prince Ribbit.
Prince Ribbit is heavily wounded.
You block Prince Ribbit's attack.
You closely miss Prince Ribbit.
Prince Ribbit is heavily wounded.
Prince Ribbit hits you.
* * * LOW HITPOINT WARNING * * *
You closely miss Prince Ribbit.
Prince Ribbit is heavily wounded.
Prince Ribbit blinks!
You closely miss Prince Ribbit.
Prince Ribbit is heavily wounded.
You block Prince Ribbit's attack. Prince Ribbit hits you.
* * * LOW HITPOINT WARNING * * *
You sock Prince Ribbit!
Prince Ribbit is almost dead.
Prince Ribbit hits you.
You die...

### ### #.. ... #.#
#.# #.###.#
#####.....#
#........(# #+#
#(...F.(((# #.#######
#....@....####.#>.....
#########......#.#####
#####..#.#####
#......... #...######
#...# #... #...# #...
#...# #... #...# #...


You could see Prince Ribbit (poisoned).

Vanquished Creatures
  3 ogres
  A big kobold (Sewer)
  A bullfrog (D:5)
  A jelly (D:4)
  A bullfrog skeleton (D:5)
  2 orc wizards (D:2)
  A centaur skeleton (D:5)
  A worker ant (D:3)
  A howler monkey zombie (D:5)
  2 adders (D:4)
  3 river rats
  An ooze (D:1)
  A worm (D:2)
  3 dart slugs
  5 leopard geckos
  10 orcs
  2 ball pythons
  6 bats
  7 giant cockroaches
  12 hobgoblins
  5 jackals
  7 frilled lizards
  6 goblins
  9 kobolds
  A quokka skeleton (D:5)
  14 rats
106 creatures vanquished.

Notes
Turn   | Place    | Note
-------+----------+-------------------------------------------
     0 | D:1      | Delamore the Gargoyle Fighter began the quest for the Orb.
     0 | D:1      | Reached XP level 1. HP: 14/14 MP: 1/1
    47 | D:1      | Reached XP level 2. HP: 19/19 MP: 2/2
   138 | D:1      | Reached skill level 3 in Maces & Flails
   524 | D:1      | Reached XP level 3. HP: 22/23 MP: 3/3
  1031 | D:2      | Reached skill level 4 in Maces & Flails
  1149 | D:2      | Reached XP level 4. HP: 28/28 MP: 4/4
  1179 | D:2      | Reached skill level 5 in Maces & Flails
  1179 | D:2      | Reached XP level 5. HP: 15/32 MP: 5/5
  2438 | D:3      | Found a sparkling altar of Nemelex Xobeh.
  2438 | D:3      | Found a shadowy altar of Dithmenos.
  2576 | D:4      | Found a glowing golden altar of the Shining One.
  2579 | D:4      | Noticed an ogre
  2594 | D:4      | Killed an ogre
  2594 | D:4      | Reached skill level 6 in Maces & Flails
  2594 | D:4      | Reached XP level 6. HP: 19/37 MP: 6/6
  2697 | D:4      | Found a glowing drain.
  2701 | Sewer    | Entered a sewer
  2970 | Sewer    | Found a white marble altar of Elyvilon.
  3081 | D:4      | Found Pot Nuudgh's Jewellery Boutique.
  3193 | D:4      | Found an ornate altar of the Wu Jian Council.
  3208 | D:4      | Reached skill level 7 in Maces & Flails
  3540 | D:4      | Reached XP level 7. HP: 14/41 MP: 7/7
  4017 | D:5      | Entered Level 5 of the Dungeon
  4107 | D:5      | Reached skill level 8 in Maces & Flails
  4687 | D:5      | Found a blossoming altar of Fedhas.
  4742 | D:5      | Noticed Prince Ribbit
  4786 | D:5      | Slain by Prince Ribbit

Illustrated notes

Levels and vault maps discovered:
D:1:      erik_arrival_triangle_small, layout_loops_corners,
          columned_hall_lemuel, st_stairs_10
D:2:      layout_loops_ring
D:3:      layout_rooms, gammafunk_temple_overflow_wave, st_stairs_8
D:4:      layout_loops_ring, kennysheep_mini, serial_shops, shop,
          gup_sewer_entry_spiral, first_ration, tso_metal_star
D:5:      layout_basic, kennysheep_little_box, lemuel_crystal_altar,
          fedhas_altar_3, uniq_edmund, uniq_prince_ribbit1

Skill      XL: |  1  2  3  4  5  6  7 |
---------------+----------------------+-----
Maces & Flails | 3 4 5 6 7 8 |  8.5
Fighting       | |  3.2
Armour         | |  3.2
Shields        | |  3.2

Action                   |  1- 3 |  4- 6 |  7- 9 || total
-------------------------+-------+-------+-------++-------
Melee: Flail             |   106 |   263 |    79 ||   448
Throw: Dart              |       |     7 |    11 ||    18
  Use: Scroll            |       |     9 |       ||     9
  Eat: Chunk             |     1 |     7 |     2 ||    10
       Ration            |       |       |     1 ||     1
Armor: Scale mail        |    58 |    52 |       ||   110
       Ring mail         |       |    54 |    35 ||    89
Dodge: Dodged            |    34 |    91 |    27 ||   152
Block: Kite shield       |    48 |   120 |    37 ||   205
